 Dungeon Crawl Stone Soup version 0.30-a0-422-g946f4849ff (webtiles) character file.

Game seed: 18094404844405763820

114 cforsyth the Chopper (level 4, -3/42 HPs)
             Began as a Hill Orc Monk on Dec 9, 2022.
             Slain by an orc
             ... wielding a +0 flail
              (5 damage)
             ... on level 3 of the Dungeon.
             The game lasted 00:05:52 (1899 turns).

cforsyth the Chopper (Hill Orc Monk)                Turns: 1899, Time: 00:05:53

Health: -3/42      AC:  8    Str: 15    XL:     4   Next: 97%
Magic:  4/4        EV:  6    Int: 10    God:
Gold:   56         SH:  0    Dex: 13    Spells: 3/3 levels left

rFire   . . .      SeeInvis .    a - +0 hand axe
rCold   . . .      Faith    .    (no shield)
rNeg    . . .      Spirit   .    n - +0 chain mail
rPois   .          Reflect  .    (no helmet)
rElec   .          Harm     .    (no cloak)
rCorr   .          Rampage  .    (no gloves)
Will    .....                    (no boots)
Stlth   ..........               (no amulet)
HPRegen 0.27/turn                (no ring)
MPRegen 0.09/turn                (no ring)

@: no status effects
A: no striking features
a: no special abilities


You were on level 3 of the Dungeon.
You visited 1 branch of the dungeon, and saw 4 of its levels.

You collected 56 gold pieces.

Inventory:

Hand Weapons
 a - a +0 hand axe (weapon)
Armour
 n - a +0 chain mail (worn)
Scrolls
 d - 4 scrolls of identify {unknown}
 e - a scroll of teleportation
 g - a scroll of enchant armour {unknown}
 i - a scroll of acquirement {unknown}
 j - a scroll of amnesia {unknown}
 k - a scroll of magic mapping {unknown}
Potions
 c - a potion of ambrosia


   Skills:
 + Level 5.3 Fighting
 + Level 5.8 Axes
 - Level 2.4 Dodging
 - Level 1.5 Stealth


You had 3 spell levels left.
You didn't know any spells.
Your spell library contained the following spells:

 Spells                   Type           Power      Damage    Failure   Level
 Apportation              Tloc           0%         N/A       100%        1
 Magic Dart               Conj           0%         1d3       100%        1
 Necrotise                Necr           0%         1d4       100%        1
 Summon Small Mammal      Summ           0%         N/A       100%        1
 Call Imp                 Summ           0%         N/A       100%        2
 Scorch                   Fire           0%         2d5       100%        2
 Mephitic Cloud           Conj/Pois/Air  0%         N/A       100%        3
 Flame Wave               Conj/Fire      0%         2d4       100%        4
 Summon Cactus Giant      Summ           0%         N/A       100%        6


Dungeon Overview and Level Annotations

Branches:
Dungeon (4/15)
 Temple: D:4-7

Altars:


Message History

You barely miss the orc wizard.
The orc wizard points at you and mumbles some strange words.
The puff of flame hits you. The orc hits you but does no damage.
You're too confused to move!
The orc wizard hits you but does no damage.
The orc hits you with a +0 flail.
* * * LOW HITPOINT WARNING * * *
You bump into the rock wall.
The orc wizard hits you but does no damage.
The orc barely misses you.
You barely miss the orc wizard.
The orc wizard is heavily wounded.
You closely miss the orc. The orc hits you but does no damage.
The orc wizard hits you with a +0 dagger.
* * * LOW HITPOINT WARNING * * *
Unknown command.
You bump into the rock wall.
You feel less confused.
The orc wizard hits you but does no damage.
The orc barely misses you.
Unknown command.
You hit the orc wizard but do no damage.
The orc wizard is heavily wounded.
You hit the orc.
The orc wizard hits you but does no damage.
The orc hits you with a +0 flail.
* * * LOW HITPOINT WARNING * * *
You hit the orc wizard but do no damage.
The orc wizard is heavily wounded.
You hit the orc but do no damage.
The orc wizard points at you and mumbles some strange words.
The magic dart hits you!
* * * LOW HITPOINT WARNING * * *
The orc completely misses you.
You hit the orc wizard but do no damage.
The orc wizard is heavily wounded.
You completely miss the orc.
The orc wizard hits you but does no damage.
The orc hits you with a +0 flail.
You die...

.# #..#... ..# .#....#
#..# #.)#...# #######
.#..# .#..#..#
##.....## ..#..#..#
..###@o.....## ........
#.##..o)>....#
#..#o####
#.##.♣.....♣.#
#.o.o[.###............#
##.###..o..#....♣.♣...#
#.# ########.........#
#.# #.♣.....♣.# #.#
#....<....# #.#
##.......##


You could see an orc wizard and an orc.

Vanquished Creatures
  An orc wizard (D:4)
  A gnoll (D:2)
  2 adders
  A dart slug (D:1)
  2 orcs
  6 ball pythons
  3 bats (D:1)
  An endoplasm (D:2)
  A giant cockroach (D:2)
  5 goblins
  5 hobgoblins
  3 jackals (D:1)
  8 kobolds
  3 quokkas
  4 frilled lizards
  9 rats
55 creatures vanquished.

Vanquished Creatures (others)
  2 plants (D:1)
2 creatures vanquished.

Grand Total: 57 creatures vanquished

Notes
Turn   | Place    | Note
-------+----------+-------------------------------------------
     0 | D:1      | cforsyth the Hill Orc Monk began the quest for the Orb.
     0 | D:1      | Reached XP level 1. HP: 19/19 MP: 1/1
    43 | D:1      | Reached XP level 2. HP: 19/27 MP: 2/2
   148 | D:1      | Reached XP level 3. HP: 21/34 MP: 3/3
   424 | D:1      | Reached skill level 5 in Axes
  1037 | D:2      | Reached XP level 4. HP: 20/41 MP: 4/4
  1192 | D:2      | Noticed an ogre
  1427 | D:2      | Reached skill level 5 in Fighting
  1746 | D:4      | HP: 2/42 [something/magic dart (9)]
  1752 | D:4      | HP: 1/63 [something (2)]
  1898 | D:3      | HP: 2/42 [orc wizard/magic dart (9)]
  1899 | D:3      | Slain by an orc

Illustrated notes

Levels and vault maps discovered:
D:1:      onia_arrival_handbag, layout_rooms, serial_bayou,
          serial_bayou_shore_b, serial_bayou_pond_e, serial_bayou_shore_b,
          serial_bayou_pond_e
D:2:      layout_loops_ring
D:3:      layout_loops_ring, serial_shops, nicolae_shop_waterfront,
          basic_ecumenical_altar, minmay_misc_feat_diagonals,
          grunt_ministairs_10, grunt_decor_resistance, uniq_natasha,
          uniq_grinder
D:4:      cheibrodos_old_hovel, layout_basic, nicolae_wu_jian_wuxing_cycle,
          cheibrodos_sewer_entry_drain, chequers_decorated_corner

Skill      XL: |  1  2  3  4 |
---------------+-------------+-----
Fighting       | 4 5 |  5.3
Axes           | 5 |  5.8
Dodging        | |  2.4
Stealth        | |  1.5

Action                   |  1- 3 |  4- 6 || total
-------------------------+-------+-------++-------
Melee: Hand axe          |   120 |    85 ||   205
       Punch             |     1 |       ||     1
  Use: Potion            |       |     5 ||     5
       Scroll            |       |     1 ||     1
 Stab: Sleeping          |     2 |     1 ||     3
Armor: Robe              |    23 |     4 ||    27
       Chain mail        |       |    28 ||    28
       Skin              |       |    12 ||    12
Dodge: Dodged            |    73 |    31 ||   104

Table legend: (Time is in decaauts)
 A = Elapsed time spent in this place.
 B = Non-inter-level travel time spent in this place.
 C = Inter-level travel time spent in this place.
 D = Time resting spent in this place.
 E = Time spent auto-exploring this place.
 F = Levels seen in this place.
 G = Mean time per level.
                   A        B        C        D        E       F      G
               +--------+--------+--------+--------+--------+-----+--------+
         Total |   1893 |   1862 |     31 |    223 |   1124 |   4 |  473.2 |
       Dungeon |   1893 |   1862 |     31 |    223 |   1124 |   4 |  473.2 |
               +--------+--------+--------+--------+--------+-----+--------+

Top non-repeatable levels by time:
     D:1: 774 daAuts
     D:2: 773 daAuts
     D:3: 194 daAuts
     D:4: 150 daAuts
